 Dungeon Crawl Stone Soup version 0.30-a0-341-g682706514a (webtiles) character file.

Game seed: 129648372436995530

252 ytrimaz the Trooper (level 6, 0/100 HPs)
             Began as an Ogre Berserker on Nov 4, 2022.
             Was a Believer of Trog.
             Slain by a gnoll
             ... wielding a +0 spear
              (4 damage)
             ... on level 2 of the Dungeon.
             The game lasted 00:02:45 (1361 turns).

ytrimaz the Trooper (Ogre Berserker)                Turns: 1361, Time: 00:02:46

Health: 0/100      AC: 23    Str: 24    XL:     6   Next: 13%
Magic:  15/15      EV:  1    Int:  8    God:    Trog [**....]
Gold:   46         SH:  0    Dex:  8    Spells: 5/5 levels left

rFire   . . .      SeeInvis .    a - +0 mace
rCold   . . .      Faith    .    (no shield)
rNeg    . . .      Spirit   .    (body armour currently unavailable)
rPois   +          Reflect  .    (helmet currently unavailable)
rElec   .          Harm     .    (cloak currently unavailable)
rCorr   .          Rampage  .    (gloves unavailable)
Will    .....      NoTele   +    (boots unavailable)
Stlth   ..........               (no amulet)
HPRegen 0.36/turn                k - ring of magical power
MPRegen 0.14/turn                (no ring)

@: tree-form, silenced, on berserk cooldown, slowed, very slow
A: stationary, stasis, torment immunity, boosted hp, large, unfitting armour,
(tough skin 1)
a: Renounce Religion


You were on level 2 of the Dungeon.
You worshipped Trog.
Trog was pleased with you.
You were a tree.
You visited 1 branch of the dungeon, and saw 2 of its levels.

You collected 46 gold pieces.


Innate Abilities, Weirdness & Mutations

You are a tree.
Your roots penetrate the ground, keeping you stationary.
You cannot be teleported.
You are immune to unholy pain and torment.
Your maximum health is greatly increased.
Your equipment is partially melded.
You are too large for most types of armour.
((You have tough skin. (AC +1)))


   Skills:
 + Level 6.1 Fighting
 * Level 5.1 Maces & Flails
 - Level 2.6 Dodging


You had 5 spell levels left.
You didn't know any spells.
Your spell library was empty.

Inventory:

Hand Weapons
 a - a +0 mace (weapon)
Armour
 b - a +0 animal skin (melded)
Jewellery
 k - a ring of magical power (left branch)
   (You found it on level 2 of the Dungeon)
Scrolls
 d - a scroll of enchant armour {unknown}
 e - a scroll of identify {unknown}
 f - a scroll of teleportation {unknown}

Dungeon Overview and Level Annotations

Branches:
Dungeon (2/15) Zot: 10598

Altars:

Shops:
D:1

( #.# #.#####....#.# #.#
#....##+##.....# #.#
##....[....##### ##.#
#.........# ### ...#
#........#####.. ####
#........'...#.#
#........###.#.# ##
#........###+#.####.?#.#
#.........ā™£gww...).....#
#.........g)g..###w.##...
#..............+ ....#
#####..........# ###.#
############ #


You could see 2 worms and 3 gnolls.


Message History

The gnoll hits you from afar with a +0 spear.
* * * LOW HITPOINT WARNING * * *
The gnoll hits you with a +0 flail!
* * * LOW HITPOINT WARNING * * *
šŸ˜± HP[-14]
You take 14 damage, and now have 19/100 hp.
Unknown command.
You barely miss the gnoll. The worm bites you.
* * * LOW HITPOINT WARNING * * *
The gnoll hits you with a +0 flail!
* * * LOW HITPOINT WARNING * * *
The gnoll barely misses you. šŸ˜± HP[-13]
You take 13 damage, and now have 6/100 hp.
Unknown command.
Unknown command.
You feel a strong urge to attack something. šŸ˜± HP[+1] Unknown command.
You are no longer berserk.
You are exhausted.
You feel yourself slow down. šŸ˜± HP[-3]
You now have 67 max hp (-33).
As you read the scroll labelled VADEQE CEIR, it crumbles to dust.
A profound silence engulfs you.
It was a scroll of silence. šŸ˜± HP[+1] It was a potion of heal wounds.
You feel much better. The gnoll closely misses you.
The gnoll barely misses you. šŸ˜Ø HP[+22]
You regained 22 hp, and now have 27/67 hp.
Unknown command. šŸ˜Ø HP[+1]
The gnoll hits you with a +0 flail.
* * * LOW HITPOINT WARNING * * *
šŸ˜Ø HP[-5]
You take 5 damage, and now have 23/67 hp.
The gnoll attacks as you move away!
The gnoll closely misses you. šŸ˜Ø HP[+1]
The gnoll hits you with a +0 flail!
* * * LOW HITPOINT WARNING * * *
šŸ˜± HP[-10]
You take 10 damage, and now have 14/67 hp.
It was a potion of flight.
You feel very buoyant.
You fly up into the air.
The kobold hits you with a +0 falchion.
* * * LOW HITPOINT WARNING * * *
The gnoll barely misses you. šŸ˜± HP[-1]
You take 1 damage, and now have 13/67 hp.
It was a potion of curing.
You feel better. The kobold completely misses you.
The gnoll hits you with a +0 flail!
* * * LOW HITPOINT WARNING * * *
The kobold hits you but does no damage. šŸ˜± HP[+2]
You regained 2 hp, and now have 15/67 hp.
Unknown command.
It was a potion of magic.
Magic courses through your body. The gnoll barely misses you.
The kobold hits you with a +0 falchion.
* * * LOW HITPOINT WARNING * * *
The gnoll barely misses you. The gnoll hits you with a +0 whip.
* * * LOW HITPOINT WARNING * * *
šŸ˜± HP[-4]
You take 4 damage, and now have 11/67 hp.
Unknown command.
It was a potion of lignification.
You turn into a tree.
Your +0 animal skin melds into your body.
Your roots penetrate the ground.
The kobold hits you but does no damage.
The gnoll hits you but does no damage. x3; The gnoll hits you with a +0 flail.
* * * LOW HITPOINT WARNING * * *
The gnoll barely misses you. The kobold hits you but does no damage.
The gnoll hits you but does no damage. šŸ˜± HP[+3]
You now have 100 max hp (+33).
You regained 3 hp, and now have 14/100 hp.
Unknown command.
You hit the gnoll.
The gnoll hits you from afar with a +0 spear.
* * * LOW HITPOINT WARNING * * *
The kobold hits you but does no damage.
The gnoll hits you but does no damage. x2 šŸ˜± HP[-1]
You take 1 damage, and now have 13/100 hp.
You closely miss the kobold. The gnoll hits you but does no damage.
The kobold hits you but does no damage. The gnoll hits you but does no damage.
The gnoll hits you with a +0 flail.
* * * LOW HITPOINT WARNING * * *
The kobold hits you but does no damage. The gnoll hits you but does no damage.
The gnoll hits you from afar with a +0 spear.
* * * LOW HITPOINT WARNING * * *
The gnoll hits you with a +0 flail!
* * * LOW HITPOINT WARNING * * *
Unknown command. šŸ˜± HP[-10]
You take 10 damage, and now have 3/100 hp.
You sock the kobold!
You kill the kobold!
Trog accepts your kill. The gnoll hits you but does no damage.
The gnoll hits you from afar with a +0 spear.
You die...

Skill      XL: |  1  2  3  4  5 |
---------------+----------------+-----
Maces & Flails | 3 4 5 |  5.1
Fighting       | 5 6 |  6.1
Dodging        | |  2.6

Action                   |  1- 3 |  4- 6 || total
-------------------------+-------+-------++-------
Melee: Mace              |   112 |    37 ||   149
Invok: Berserk           |     1 |     1 ||     2
  Use: Potion            |       |     5 ||     5
       Scroll            |       |     1 ||     1
Armor: Animal skin       |    65 |    10 ||    75
       Skin              |       |    15 ||    15
Dodge: Dodged            |   107 |    24 ||   131

Levels and vault maps discovered:
D:1:      minmay_arrival_plants_in_alcoves, layout_basic, serial_shops, shop,
          ebering_ecumenical_altar_webs, minivault_26
D:2:      layout_basic, minmay_tromino_v4_a, uniq_jessica, uniq_natasha,
          uniq_sigmund

Notes
Turn   | Place    | Note
-------+----------+-------------------------------------------
     0 | D:1      | ytrimaz the Ogre Berserker began the quest for the Orb.
     0 | D:1      | Reached XP level 1. HP: 24/24 MP: 1/1
     0 | D:1      | magus.rc [v1.9.6]
   112 | D:1      | Reached skill level 3 in Maces & Flails
   112 | D:1      | Reached XP level 2. HP: 31/33 MP: 2/2
   235 | D:1      | Found a faded altar of an unknown god.
   371 | D:1      | Reached ** piety under Trog
   504 | D:1      | Reached XP level 3. HP: 25/40 MP: 3/3
   800 | D:1      | Found Vyqaof's Weapon Emporium.
  1053 | D:2      | Noticed Sigmund
  1060 | D:2      | Killed Sigmund
  1061 | D:2      | Reached skill level 5 in Fighting
  1061 | D:2      | Reached skill level 4 in Maces & Flails
  1061 | D:2      | Reached XP level 4. HP: 49/52 MP: 4/4
  1061 | D:2      | Reached XP level 5. HP: 55/59 MP: 5/5
  1136 | D:2      | Noticed Jessica
  1147 | D:2      | Killed Jessica
  1148 | D:2      | Reached skill level 6 in Fighting
  1148 | D:2      | Reached skill level 5 in Maces & Flails
  1148 | D:2      | Reached XP level 6. HP: 47/67 MP: 6/6
  1344 | D:2      | HP: 19/100 [gnoll/+0 flail (9)]
  1345 | D:2      | HP: 6/100 [gnoll/+0 flail (9)]
  1354 | D:2      | HP: 14/67 [gnoll/+0 flail (10)]
  1359 | D:2      | HP: 13/100 [gnoll/+0 spear (1)]
  1360 | D:2      | HP: 3/100 [gnoll/+0 flail (8)]
  1361 | D:2      | Slain by a gnoll

Vanquished Creatures
  Sigmund (D:2)
  Jessica (D:2)
  A gnoll (D:2)
  A worm (D:2)
  An endoplasm (D:1)
  3 giant cockroaches (D:1)
  8 goblins
  2 hobgoblins (D:1)
  4 jackals
  A kobold (D:2)
  A quokka (D:1)
  9 ball pythons
  7 bats
  3 frilled lizards
  2 rats (D:1)
45 creatures vanquished.

Table legend:
 A = Non-vault XP
 B = Vault XP
 C = Vault XP percentage of total XP
 D = Non-vault monster count
 E = Vault monster count
 F = Vault count percentage of total count
                 A         B        C        D         E       F
            +---------+---------+-------+---------+---------+-------
      Total |      84 |     278 |  76.8 |      42 |       3 |   6.7
            +---------+---------+-------+---------+---------+-------
        D:1 |      56 |       0 |   0.0 |      34 |       0 |   0.0
        D:2 |      28 |     278 |  90.8 |       8 |       3 |  27.3
            +---------+---------+-------+---------+---------+-------

Illustrated notes

Table legend:
 A = Kills in this place as a percentage of kills in entire the game.
 B = Kills by you in this place as a percentage of kills by you in the entire game.
 C = Kills by friends in this place as a percentage of kills by friends in the entire game.
 D = Other kills in this place as a percentage of other kills in the entire game.
 E = Experience gained in this place as a percentage of experience gained in the entire game.
 F = Experience gained in this place divided by the number of levels of this place that you have seen.
                   A       B       C       D       E      F
               +-------+-------+-------+-------+-------+----------------------
         Total | 100.0 | 100.0 |   N/A |   N/A | 100.0 | 181.0
       Dungeon | 100.0 | 100.0 |   N/A |   N/A | 100.0 | 181.0
               +-------+-------+-------+-------+-------+----------------------

Table legend: (Time is in decaauts)
 A = Elapsed time spent in this place.
 B = Non-inter-level travel time spent in this place.
 C = Inter-level travel time spent in this place.
 D = Time resting spent in this place.
 E = Time spent auto-exploring this place.
 F = Levels seen in this place.
 G = Mean time per level.
                   A        B        C        D        E       F      G
               +--------+--------+--------+--------+--------+-----+--------+
         Total |   1399 |   1368 |     31 |     10 |   1004 |   2 |  699.5 |
       Dungeon |   1399 |   1368 |     31 |     10 |   1004 |   2 |  699.5 |
               +--------+--------+--------+--------+--------+-----+--------+

Top non-repeatable levels by time:
     D:1: 973 daAuts
     D:2: 426 daAuts
